 Dungeon Crawl Stone Soup version 0.13-a0-2923-g04ac8d1 (webtiles) character file.

5937 JacquesDerrida the Archer (level 10, 73/73 HPs)
             Began as a Grey Draconian Hunter on Sept 2, 2013.
             Was a Believer of Fedhas.
             Quit the game on Level 1 of the Lair of Beasts.
             The game lasted 00:40:20 (8602 turns).

JacquesDerrida the Archer (Grey Draconian Hunter)   Turns: 8602, Time: 00:40:21

HP  73/73        AC 15     Str 12      XL: 10   Next: 43%
MP   9/9         EV 12     Int 15      God: Fedhas [**....]
Gold 412         SH  0     Dex 12      Spells:  0 memorised,  9 levels left

Res.Fire  : + . .   See Invis. : .   b - +2 bow (flame)
Res.Cold  : + . .   Warding    : .   (armour unavailable)
Life Prot.: . . .   Conserve   : .   (no shield)
Res.Poison: .       Res.Corr.  : .   (helmet restricted)
Res.Elec. : .       Clarity    : .   G - +0 cloak
Sust.Abil.: + .     Spirit.Shd : .   s - +0 pair of dwarf gloves
Res.Mut.  : .       Stasis     : +   e - +0 pair of boots
Res.Rott. : .       Flight     : .   N - amulet of stasis
Saprovore : . . .                    o - ring of sustain abilities
                                     O - ring of protection from cold

@: somewhat resistant to hostile enchantments, fairly stealthy
A: walk through water, unfitting armour, large and strong wings, fire resistance
1, wild magic 1, unbreathing, AC +12, Str -2
a: Fly, Evolution, Sunlight, Renounce Religion


You were on level 1 of the Lair of Beasts.
You worshipped Fedhas.
Fedhas was most pleased with you.
You were not hungry.

You visited 3 branches of the dungeon, and saw 11 of its levels.

You collected 392 gold pieces.

Inventory:

Hand weapons
 a - a +3,+0 quarterstaff of crushing
 b - a +2,+2 bow of flame (weapon)
 r - a +2,+3 bow
Missiles
 c - 89 arrows (quivered)
 I - 19 arrows of frost
 K - 16 poisoned arrows
Armour
 e - a +0 pair of boots (worn)
 s - a +0 pair of dwarven gloves (worn)
 G - a +0 cloak (worn)
Magical devices
 h - a wand of flame (10)
Comestibles
 d - a chunk of iguana flesh
 f - 3 bread rations
 B - a banana
 L - an apple
Scrolls
 j - 3 scrolls of teleportation
 k - 7 scrolls of identify
 l - 3 scrolls of remove curse
 p - a scroll of blinking
 u - 2 scrolls of fear
 C - 2 scrolls of fog
Jewellery
 n - an uncursed ring of invisibility
 o - a ring of sustain abilities (right hand)
 y - an uncursed ring of fire
 N - an amulet of stasis (around neck)
 O - a ring of protection from cold (left hand)
Potions
 i - 2 potions of brilliance
 m - 5 potions of curing
 z - a potion of might
 J - a potion of paralysis


   Skills:
 - Level 1.1 Fighting
 + Level 14.0 Bows
 - Level 1.7 Dodging
 - Level 2.6 Stealth


You had 9 spell levels left.
You didn't know any spells.

Dungeon Overview and Level Annotations

Branches:
Dungeon (9/27)             Temple (1/1) D:7            Lair (1/8) D:9
    Orc: D:6-11

Altars:
Cheibriados
Fedhas
Kikubaaqudgha
Makhleb
Nemelex Xobeh
Trog
Vehumet

Annotations:
D:4 Blork the orc, Dowan, Duvessa
D:6 adg's ghost, experienced TrBe


Innate Abilities, Weirdness & Mutations

You can walk through water.
Your dull iron-grey scales are very hard (AC +12).
Your body does not fit into most forms of armour.
Your cold-blooded metabolism reacts poorly to cold.
You can survive without breathing.
Your wings are large and strong.
Your flesh is heat resistant.
You are weak. (Str -2)
Your spells are a little harder to cast, but a little more powerful.


Message History

a jackal corpse A jackal comes into view.
You see here an arrow.
Things that are here:
an arrow; a jackal corpse The jackal barks!
You see here an arrow.
Firing (i - inventory. (,) - cycle):
c - 88 arrows (quivered)
Press: ? - help, Shift-Dir - straight line, f - jackal
Aim: a jackal You shoot an arrow.
The arrow of flame hits the jackal.
You kill the jackal!
Your Bows skill increases to level 14!
c - 88 arrows (gained 1)
c - 89 arrows (gained 1)
You see here a jackal corpse.
You are a level 10 Grey Draconian Hunter.
You are 43% of the way to level 11.
Play time: 00:40:19 (8602 turns) Are you sure you want to abandon this character and quit the game? (Confirm with "yes".)

#...##### #.#
#....#%f###f.####
#......%....?.....
#.######.%....##
########......#
..............#
########......#
##......#
#.@.....#
#f(.....#
##......# #......#
#######.#


There were no monsters in sight!

Vanquished Creatures
  Joseph (D:9)
  A troll (D:9)
  A two-headed ogre (D:9)
  A wyvern (D:8)
  The ghost of JacquesDerrida the Shooter, an average DrHu of Ashenzari (D:3)
  A manticore (D:9)
  A sky beast (D:9)
  4 centaurs
  2 phantoms
  2 ogres
  An orc warrior (D:7)
  4 ice beasts
  17 big kobolds
  5 giant frogs
  5 killer bees (D:8)
  5 hounds
  A jelly (D:8)
  A goliath beetle (D:9)
  6 crimson imps
  5 orc priests
  A quasit (D:5)
  3 iguanas
  2 orc wizards (D:4)
  3 scorpions
  A water moccasin skeleton (D:8)
  7 worker ants
  18 gnolls
  A giant centipede (D:9)
  A green rat (D:9)
  8 adders
  A giant mite (D:2)
  2 worms
  An adder skeleton (D:6)
  3 giant eyeballs
  5 giant geckos
  An ooze (D:3)
  17 orcs
  A ball python (D:4)
  10 bats
  A bat skeleton (D:5)
  4 giant cockroaches
  7 goblins
  16 hobgoblins
  6 quokkas
  2 giant newts
  A gnoll skeleton (D:4)
  9 jackals
  A jackal skeleton (D:4)
  27 kobolds
  2 kobold zombies
  17 rats
244 creatures vanquished.

Vanquished Creatures (others)
  6 fungi (D:9)
  2 plants (D:9)
  68 toadstools
76 creatures vanquished.

Grand Total: 320 creatures vanquished

Notes
Turn   | Place    | Note
--------------------------------------------------------------
     0 | D:1      | JacquesDerrida, the Draconian Hunter, began the quest for the Orb.
     0 | D:1      | Reached XP level 1. HP: 17/17 MP: 0/0
   107 | D:1      | Noticed a fire drake
   107 | D:1      | Noticed a hound
   107 | D:1      | Noticed an iguana
   108 | D:1      | Noticed a grizzly bear
   193 | D:1      | Reached skill level 4 in Bows
   196 | D:1      | Reached XP level 2. HP: 21/24 MP: 1/1
   835 | D:2      | Reached XP level 3. HP: 26/29 MP: 2/2
  1056 | D:2      | Reached skill level 5 in Bows
  1058 | D:2      | Reached XP level 4. HP: 36/36 MP: 3/3
  1320 | D:2      | Found a sparkling altar of Nemelex Xobeh.
  1342 | D:2      | Gained mutation: Your spells are a little harder to cast, but a little more powerful. [helix card]
  1351 | D:2      | Lost mutation: Your spells are a little harder to cast, but a little more powerful. [helix card]
  1370 | D:2      | Reached skill level 1 in Stealth
  1594 | D:3      | Noticed JacquesDerrida's ghost (average DrHu)
  1614 | D:3      | Killed JacquesDerrida's ghost
  1614 | D:3      | Reached XP level 5. HP: 31/41 MP: 4/4
  1696 | D:2      | Reached skill level 6 in Bows
  1843 | D:3      | Reached XP level 6. HP: 48/48 MP: 5/5
  2056 | D:3      | Found a snail-covered altar of Cheibriados.
  2056 | D:3      | Found a radiant altar of Vehumet.
  2943 | D:4      | Reached skill level 7 in Bows
  2998 | D:4      | Your scales start taking on a dull iron-grey colour.
  2998 | D:4      | Gained mutation: You can survive without breathing. [draconian maturity]
  2998 | D:4      | Reached XP level 7. HP: 44/53 MP: 6/6
  3048 | D:4      | Noticed Duvessa
  3050 | D:4      | Noticed Dowan
  3169 | D:4      | Noticed Blork the orc
  3286 | D:5      | Entered Level 5 of the Dungeon
  3297 | D:5      | Reached skill level 8 in Bows
  4235 | D:5      | Reached XP level 8. HP: 25/61 MP: 7/7
  4670 | D:6      | Noticed adg's ghost (experienced TrBe)
  4928 | D:5      | Gained mutation: Your spells are a little harder to cast, but a little more powerful. [potion of mutation]
  4928 | D:5      | Gained mutation: You are weak. (Str -2) [potion of mutation]
  4928 | D:5      | Gained mutation: Your flesh is heat resistant. [potion of mutation]
  4929 | D:5      | Gained mutation: Your wings are large and strong. [potion of beneficial mutation]
  5137 | D:6      | Reached skill level 9 in Bows
  5879 | D:7      | Reached skill level 10 in Bows
  5889 | D:7      | JacquesDerrida: Всех победил
  5889 | D:7      | runewalsh: Всё табаешь?
  5940 | D:7      | runewalsh: Я таки DES
  5951 | D:7      | JacquesDerrida: почему
  5951 | D:7      | JacquesDerrida: зачем
  5951 | D:7      | JacquesDerrida: это не по-уму
  5951 | D:7      | runewalsh: Но в следующий раз я нагну всех и вся.
  5951 | D:7      | runewalsh: Честно.
  5951 | D:7      | JacquesDerrida: Бери гуля зина
  5951 | D:7      | JacquesDerrida: победи всех
  5951 | D:7      | JacquesDerrida: как я
  5987 | D:7      | Found a staircase to the Ecumenical Temple.
  5992 | D:7      | JacquesDerrida: ЫЗЩЩЛН
  5992 | D:7      | JacquesDerrida: SPOOKY
  5993 | Temple   | Entered the Ecumenical Temple
  6041 | Temple   | runewalsh: Бери
  6041 | Temple   | JacquesDerrida: Никогда не играл
  6041 | Temple   | Became a worshipper of Fedhas Madash
  6085 | D:7      | runewalsh: Можно осьминогов высушивать.
  6085 | D:7      | JacquesDerrida: ((((
  6085 | D:7      | JacquesDerrida: Какой плохой
  6278 | D:7      | JacquesDerrida: A nearby toadstool withers and dies.
  6278 | D:7      | JacquesDerrida: ТЩУЫ
  6278 | D:7      | JacquesDerrida: NOES
  6648 | D:8      | JacquesDerrida: Умираю
  6648 | D:8      | JacquesDerrida: Не поминайте лихом!
  6717 | D:8      | Reached skill level 11 in Bows
  6717 | D:8      | Reached XP level 9. HP: 65/67 MP: 8/8
  6847 | D:8      | Reached skill level 12 in Bows
  6862 | D:8      | Acquired Fedhas' first power
  6863 | D:8      | JacquesDerrida: щииииет
  7271 | D:8      | Paralysed by a giant eyeball for 4 turns
  7528 | D:8      | Reached skill level 13 in Bows
  7528 | D:8      | Reached XP level 10. HP: 69/73 MP: 9/9
  7723 | D:9      | Noticed Joseph
  7733 | D:9      | Paralysed by Joseph for 4 turns
  7742 | D:9      | Killed Joseph
  7750 | D:9      | Acquired Fedhas' second power
  7947 | D:9      | Found a staircase to the Lair.
  8197 | D:9      | Found an ancient bone altar of Kikubaaqudgha.
  8492 | Lair:1   | Entered Level 1 of the Lair of Beasts
  8591 | Lair:1   | Reached skill level 14 in Bows
  8602 | Lair:1   | Quit the game

Action                   |  1- 3 |  4- 6 |  7- 9 | 10-12 || total
-------------------------+-------+-------+-------+-------++-------
Melee: Short sword       |    74 |   116 |       |       ||   190
       Quarterstaff      |       |    21 |   149 |     7 ||   177
 Fire: Bow               |    25 |   102 |   346 |   122 ||   595
Throw: Javelin           |       |     8 |       |       ||     8
 Abil: Fly               |       |       |     1 |       ||     1
Evoke: Deck              |       |    11 |       |       ||    11
       Wand              |       |       |     5 |       ||     5
  Use: Scroll            |       |       |    16 |     2 ||    18
       Potion            |       |       |     8 |     7 ||    15
 Stab: Distracted        |       |     1 |       |       ||     1
       Sleeping          |       |       |     2 |       ||     2
